[Event "Titled Tuesday Blitz March 29 Late 2022"]
[White "Alimpic, Aleksa"]
[Black "Burke, Paul"]
[WhiteFideId "974323"]
[BlackFideId "2605767"]
[WhiteElo "2130"]
[BlackElo "1874"]
[Result "1-0"]
[Round "09"]
[TimeControl "180+1"]
[Date "2022.03.30"]
[WhiteClock "0:00:11"]
[BlackClock "0:00:47"]

1. Nf3 a6 2. d4 d6 3. e4 g6 4. Bd3 Nd7 5. O-O Bg7 6. Re1 h6 7. e5 e6 8. c4 Ne7 9. Nc3 O-O 10. h4 dxe5 11. dxe5 Nc5 12. Bc2 Qxd1 13. Rxd1 Nd7 14. Bf4 Nb6 15. b3 Bd7 16. Rd2 Bc6 17. Be4 Rad8 18. Rad1 Rxd2 19. Rxd2 Nf5 20. Bxc6 bxc6 21. g4 Ne7 22. Ne4 f5 23. exf6 Bxf6 24. Bxh6 Bg7 25. Bxg7 Rxf3 26. Bf6 Rf4 27. Bxe7 Rxe4 28. f3 Re3 29. Kf2 Rc3 30. Bc5 Rc1 31. Kg3 Kf7 32. Kf4 Rf1 33. Bxb6 cxb6 34. Rd7+ Ke8 35. Rb7 b5 36. cxb5 cxb5 37. h5 gxh5 38. gxh5 Rf2 39. h6 Rh2 40. h7 Kd8 41. h8=Q+ Rxh8 42. Rb8+ Kc7 43. Rxh8 Kc6 44. Rh5 1-0


[Site "https://www.chess.com"]

[Event "Titled Tuesday Blitz March 29 Late 2022"]
[White "Almedina Ortiz, Edgardo J."]
[Black "Pourkashiyan, Atousa"]
[WhiteFideId "3100197"]
[BlackFideId "12502014"]
[WhiteElo "2217"]
[BlackElo "2247"]
[Result "0-1"]
[Round "09"]
[TimeControl "180+1"]
[Date "2022.03.30"]
[WhiteClock "0:00:01"]
[BlackClock "0:00:02"]

1. d4 d5 2. c4 e6 3. Nf3 Nf6 4. g3 dxc4 5. Bg2 Nc6 6. O-O a6 7. e3 Rb8 8. Nfd2 Bd6 9. Nxc4 O-O 10. Nc3 Bd7 11. e4 e5 12. Nxd6 cxd6 13. d5 Nd4 14. Be3 Nb5 15. Nxb5 Bxb5 16. Re1 Rc8 17. a4 Bd7 18. Qb3 b5 19. a5 Ng4 20. Bb6 Qe7 21. h3 Nh6 22. g4 f6 23. Rac1 Nf7 24. Qe3 Nh8 25. Rxc8 Rxc8 26. Rc1 Qe8 27. Rc3 Ng6 28. Qc1 Nf4 29. Bf1 h5 30. Rxc8 Bxc8 31. f3 hxg4 32. hxg4 Bxg4 33. fxg4 Qg6 34. Qc8+ Kf7 35. Qd7+ Kg8 36. Qc8+ Kf7 37. Qf5 Qh6 38. Bf2 Ng6 39. Bg3 Qe3+ 40. Kg2 Nf4+ 41. Bxf4 exf4 42. Qe6+ Kg6 43. Qe8+ Kh7 44. Qh5+ Kg8 45. Qe8+ Kh7 46. Qe6 f3+ 47. Kg3 Qe1+ 0-1


[Site "https://www.chess.com"]

[Event "Titled Tuesday Blitz March 29 Late 2022"]
[White "Ambartsumova, Karina"]
[Black "Gatterer, Florian"]
[WhiteFideId "4166299"]
[BlackFideId "811688"]
[WhiteElo "2262"]
[BlackElo "2218"]
[Result "1-0"]
[Round "09"]
[TimeControl "180+1"]
[Date "2022.03.30"]
[WhiteClock "0:00:31"]
[BlackClock "0:00:01"]

1. e4 d6 2. d4 Nf6 3. Nc3 g6 4. Bg5 Bg7 5. f4 h6 6. Bh4 Bg4 7. Qd2 O-O 8. Bd3 a6 9. h3 Bc8 10. Nf3 b5 11. e5 Nfd7 12. e6 fxe6 13. Bxg6 Nf6 14. g4 b4 15. Ne2 Bb7 16. O-O Nbd7 17. g5 Ne4 18. Qe3 d5 19. Ng3 Nb6 20. b3 c5 21. Rad1 c4 22. Ne5 Nd7 23. Nh5 Bxe5 24. fxe5 Qb6 25. Rde1 Rxf1+ 26. Kxf1 Rf8+ 27. Kg2 1-0


[Site "https://www.chess.com"]

[Event "Titled Tuesday Blitz March 29 Late 2022"]
[White "Andreikin, Dmitry"]
[Black "Paravyan, David"]
[WhiteFideId "4158814"]
[BlackFideId "4194985"]
[WhiteElo "2736"]
[BlackElo "2569"]
[Result "1-0"]
[Round "09"]
[TimeControl "180+1"]
[Date "2022.03.29"]
[WhiteClock "0:01:18"]
[BlackClock "0:00:01"]

1. d4 Nf6 2. Nf3 g6 3. b3 Bg7 4. Bb2 O-O 5. e3 b6 6. c4 Bb7 7. Nc3 d5 8. Be2 dxc4 9. Bxc4 Nbd7 10. O-O c5 11. d5 Ne4 12. Qc2 Nxc3 13. Bxc3 Bxc3 14. Qxc3 Nf6 15. Rad1 a6 16. a4 Qc7 17. d6 Qd8 18. Qe5 e6 19. Ng5 Nd7 20. Qg3 Qf6 21. Qh4 h5 22. f4 Bc6 23. e4 Qc3 24. f5 exf5 25. exf5 b5 26. Bxf7+ Rxf7 27. Nxf7 Kxf7 28. Qe7+ Kg8 29. f6 Nf8 30. Qg7# 1-0


[Site "https://www.chess.com"]

[Event "Titled Tuesday Blitz March 29 Late 2022"]
[White "Arabidze, Meri"]
[Black "Aravindh, Chithambaram VR."]
[WhiteFideId "13604040"]
[BlackFideId "5072786"]
[WhiteElo "2335"]
[BlackElo "2561"]
[Result "1/2-1/2"]
[Round "09"]
[TimeControl "180+1"]
[Date "2022.03.29"]
[WhiteClock "0:00:03"]
[BlackClock "0:00:03"]

1. Nf3 b6 2. g3 Bb7 3. Bg2 g5 4. O-O g4 5. Nh4 Bxg2 6. Nxg2 h5 7. e4 e6 8. d4 Be7 9. c3 Nf6 10. f3 d6 11. Bg5 Nbd7 12. Nd2 Rg8 13. Bh4 Qc8 14. Qe2 Qb7 15. Rf2 gxf3 16. Rxf3 Ng4 17. Bxe7 Kxe7 18. Raf1 Raf8 19. Nh4 b5 20. Nb3 Ngf6 21. Nd2 Rg4 22. Rf4 Rxf4 23. Rxf4 c5 24. e5 dxe5 25. dxe5 Nd5 26. Rf2 Qc7 27. Qxh5 Nxe5 28. Ne4 c4 29. Qg5+ f6 30. Qg7+ Rf7 31. Qg8 Qd8 32. Ng6+ Nxg6 33. Qxg6 Ne3 34. Rd2 Nd5 35. h4 Qb6+ 36. Kh2 Qe3 37. Rg2 f5 38. Ng5 Rf6 39. Qg7+ Kd6 40. Nh7 Qe5 41. Nxf6 Nxf6 42. Qxa7 Ng4+ 43. Kh3 Qe1 44. Qb8+ Ke7 45. Qa7+ Kf6 46. Qd4+ Kf7 47. Qd7+ Kf6 48. Qd4+ Kf7 49. Qd7+ Kf6 50. Qd4+ 1/2-1/2


[Site "https://www.chess.com"]

[Event "Titled Tuesday Blitz March 29 Late 2022"]
[White "Baches Garcia, Guillermo"]
[Black "Romero Ruscalleda, Josep"]
[WhiteFideId "2209764"]
[BlackFideId "2231859"]
[WhiteElo "2488"]
[BlackElo "2337"]
[Result "1-0"]
[Round "09"]
[TimeControl "180+1"]
[Date "2022.03.30"]
[WhiteClock "0:00:14"]
[BlackClock "0:00:16"]

1. e4 g6 2. d4 Bg7 3. Nc3 d6 4. g3 Nc6 5. Be3 e5 6. dxe5 Nxe5 7. h3 Ne7 8. f4 N5c6 9. Qd2 O-O 10. O-O-O a6 11. g4 b5 12. Kb1 f5 13. exf5 gxf5 14. g5 Be6 15. Bg2 Rb8 16. Nge2 Na5 17. b3 Re8 18. Bd4 b4 19. Na4 Qd7 20. Rhe1 Nc4 21. bxc4 Qxa4 22. Bxg7 Kxg7 23. Nc1 Ng6 24. Qd4+ Kg8 25. Rxe6 Rxe6 26. Bd5 Nf8 27. Re1 Qd7 28. Qf6 Re8 29. Qxf5 Qf7 30. Qxf7+ Kxf7 31. f5 c6 32. fxe6+ Kg6 33. Bxc6 Rxe6 34. Rxe6+ Nxe6 35. Be4+ Kxg5 36. Bxh7 Nf4 37. Nd3 Nxh3 38. Nxb4 Kf6 39. Nxa6 Ke5 40. Kb2 Ng5 41. Bd3 Ne6 42. Nb4 Kd4 43. Nd5 Nc5 44. Nf4 Na4+ 45. Kb3 Nc3 46. Ne2+ Nxe2 47. Bxe2 Kc5 48. Bd3 Kb6 49. c3 Kc5 50. Be4 Kb6 51. Kb4 Kc7 52. Bd5 Kd7 53. Kb5 Kc7 54. a3 1-0


[Site "https://www.chess.com"]

[Event "Titled Tuesday Blitz March 29 Late 2022"]
[White "Bachmann, Axel"]
[Black "Jensen, Matthew R"]
[WhiteFideId "3700488"]
[BlackFideId "2018110"]
[WhiteElo "2587"]
[BlackElo "2286"]
[Result "1-0"]
[Round "09"]
[TimeControl "180+1"]
[Date "2022.03.30"]
[WhiteClock "0:00:12"]
[BlackClock "0:00:16"]

1. d4 d5 2. Nf3 e6 3. c4 c6 4. g3 dxc4 5. Bg2 b5 6. O-O Bb7 7. b3 cxb3 8. Qxb3 Nd7 9. Nc3 Ngf6 10. Rd1 Be7 11. Ne5 Qb6 12. a4 b4 13. a5 Qc7 14. a6 Bxa6 15. Rxa6 bxc3 16. Nxc6 Bd6 17. Qxc3 O-O 18. Ne7+ Kh8 19. Qxc7 Bxc7 20. Bxa8 Rxa8 21. Nc6 Bb6 22. Bb2 Rc8 23. Nxa7 Rc2 24. Ba3 Rxe2 25. Nc6 h5 26. Ne5 Bxd4 27. Nxf7+ Kg8 28. Rxd4 Re1+ 29. Kg2 Kxf7 30. Ra7 Ke8 31. Rd6 Ra1 32. Rxe6+ Kf7 33. Re7+ Kg6 34. Re6 Nf8 35. Rea6 Nh7 36. Bb2 Rb1 37. Bxf6 gxf6 38. Rc7 Rb2 39. h4 Nf8 40. Raa7 Ne6 41. Re7 Kf5 42. Ra5+ Kg6 43. Rxe6 Rc2 44. Raa6 Rc5 45. Rxf6+ Kg7 46. Rfe6 Rc7 47. Rec6 Rb7 48. Rg6+ Kf7 49. Rh6 Kg7 50. Rxh5 Rb2 51. Rg5+ Kf7 52. Rh5 Rb3 53. Rh7+ Kg8 54. Rc7 Rb8 55. Raa7 Ra8 56. Rxa8# 1-0


[Site "https://www.chess.com"]

[Event "Titled Tuesday Blitz March 29 Late 2022"]
[White "Barria Zuniga, Daniel"]
[Black "Milanovic, Marko"]
[WhiteFideId "3400816"]
[BlackFideId "980129"]
[WhiteElo "2414"]
[BlackElo "2159"]
[Result "1-0"]
[Round "09"]
[TimeControl "180+1"]
[Date "2022.03.30"]
[WhiteClock "0:02:34"]
[BlackClock "0:02:12"]

1. d4 d5 2. c4 c6 3. Nf3 Nf6 4. Nc3 e6 5. Bg5 dxc4 6. e4 b5 7. a4 Bb4 8. e5 h6 9. exf6 hxg5 10. fxg7 Rg8 11. g3 Bb7 12. Bg2 Nd7 13. O-O Bxc3 14. bxc3 Rxg7 15. Ne5 Nxe5 16. dxe5 Qxd1 17. Rfxd1 a6 18. axb5 axb5 19. Rxa8+ Bxa8 20. Ra1 Bb7 21. Ra7 Bc8 22. Bxc6+ Kd8 23. f3 g4 24. f4 Rg8 1-0


[Site "https://www.chess.com"]

[Event "Titled Tuesday Blitz March 29 Late 2022"]
[White "Bluebaum, Matthias"]
[Black "Rustemov, Alexander"]
[WhiteFideId "24651516"]
[BlackFideId "4119002"]
[WhiteElo "2550"]
[BlackElo "2777"]
[Result "1/2-1/2"]
[Round "09"]
[TimeControl "180+1"]
[Date "2022.03.29"]
[WhiteClock "0:00:11"]
[BlackClock "0:00:05"]

1. d4 d5 2. c4 c6 3. Nf3 Nf6 4. Nc3 a6 5. g3 dxc4 6. a4 Nd5 7. Bg2 e6 8. Ne5 Bb4 9. Bd2 b5 10. axb5 Bxc3 11. bxc3 cxb5 12. e4 Ne7 13. Qg4 O-O 14. h4 Nd7 15. h5 f5 16. exf5 exf5 17. Qg5 h6 18. Qe3 Rb8 19. O-O Nf6 20. Qe2 Ned5 21. Nc6 Qd6 22. Nxb8 Qxb8 23. Rfe1 Qd6 24. Qe5 Rd8 25. Qxd6 Rxd6 26. Bxd5+ Rxd5 27. Re7 Rd7 28. Rxd7 Nxd7 29. Re1 Nf6 30. Re7 Bd7 31. d5 Kf8 32. d6 a5 33. Be3 b4 34. cxb4 axb4 35. Bd4 c3 36. Bxf6 gxf6 37. Rxd7 c2 38. Rc7 b3 39. Rc8+ Kf7 40. d7 b2 41. d8=Q c1=Q+ 42. Kg2 Qxc8 43. Qxc8 b1=Q 44. Qd7+ Kf8 45. Qd8+ Kf7 46. Qh8 Qe4+ 47. Kh2 Qf3 48. Qh7+ Ke6 49. Qg8+ Ke7 50. Qg7+ Ke6 51. Kg1 Qd1+ 52. Kg2 Qd5+ 53. Kh2 Qf3 54. Qg8+ Ke7 55. Qh7+ Ke6 56. Kg1 Qd1+ 57. Kg2 Qd5+ 58. f3 Qd2+ 59. Kh3 Qg5 60. Qg6 Ke7 61. f4 Qxg6 62. hxg6 Kf8 63. Kh4 Kg8 64. g4 fxg4 65. Kxg4 Kg7 66. f5 Kg8 67. Kh4 Kf8 68. Kg3 Kg8 69. Kf3 Kf8 70. Ke4 Ke7 71. Kd5 Kf8 72. Kd4 Ke7 73. Kd5 Kf8 74. Ke6 Kg7 75. Kd5 Kf8 1/2-1/2


[Site "https://www.chess.com"]

[Event "Titled Tuesday Blitz March 29 Late 2022"]
[White "Bogumil, Tatiana"]
[Black "Desideri, Ricardo Maruchi"]
[WhiteFideId "4110579"]
[BlackFideId "2110440"]
[WhiteElo "1761"]
[BlackElo "1945"]
[Result "1-0"]
[Round "09"]
[TimeControl "180+1"]
[Date "2022.03.30"]
[WhiteClock "0:00:14"]
[BlackClock "0:00:01"]

1. Nf3 c5 2. c4 e6 3. b3 b6 4. g3 Bb7 5. Bg2 Nf6 6. Bb2 Be7 7. O-O O-O 8. d4 cxd4 9. Qxd4 Qc7 10. Nc3 a6 11. Rac1 d6 12. Rfd1 Nbd7 13. h3 Rac8 14. g4 h6 15. e4 Qb8 16. Qe3 Qa8 17. Nd4 Nh7 18. Nce2 Nc5 19. Ng3 Ng5 20. f3 Qb8 21. Nge2 Bf6 22. Nc3 d5 23. cxd5 Qg3 24. Nce2 Nxh3+ 25. Kf1 Qh2 26. Bxh3 Qxh3+ 27. Kg1 exd5 28. e5 Bg5 29. Nf4 Qg3+ 30. Kf1 Bxf4 31. Qf2 Qh3+ 32. Qg2 Qxg2+ 33. Kxg2 Bxc1 34. Bxc1 Nd3 35. Be3 Nb2 36. Rd2 Rc3 37. Nf5 Nd3 38. Bd4 Ne1+ 39. Kf2 Rd3 40. Kxe1 Rxd2 41. Kxd2 Re8 42. Nd6 Re7 43. f4 g6 44. f5 h5 45. gxh5 1-0


[Site "https://www.chess.com"]

[Event "Titled Tuesday Blitz March 29 Late 2022"]
[White "Bortnyk, Olexandr"]
[Black "Kamsky, Gata"]
[WhiteFideId "14120828"]
[BlackFideId "2000024"]
[WhiteElo "2723"]
[BlackElo "2645"]
[Result "1-0"]
[Round "09"]
[TimeControl "180+1"]
[Date "2022.03.29"]
[WhiteClock "0:00:02"]
[BlackClock "0:00:03"]

1. d4 d5 2. Nc3 Nf6 3. Bf4 Bf5 4. f3 e6 5. g4 Bg6 6. h4 h6 7. e3 a6 8. Bd3 Bxd3 9. Qxd3 c5 10. Nge2 Nc6 11. a3 Bd6 12. dxc5 Bxc5 13. O-O-O Nd7 14. Nd4 Nce5 15. Qe2 Qe7 16. Nxd5 exd5 17. Nf5 Qf6 18. Rxd5 Rc8 19. e4 g6 20. g5 hxg5 21. Bxg5 Qc6 22. Rhd1 f6 23. f4 fxg5 24. fxe5 gxf5 25. exf5 Nb6 26. Rd6 Qb5 27. Re6+ Kf7 28. Rf6+ Ke7 29. Qg2 Nc4 30. Re6+ Kf8 31. Rf6+ Ke7 32. Re6+ Kf8 33. b3 Qa5 34. Rf6+ Ke7 35. Qxb7+ Rc7 36. Re6+ Kf7 37. Rf6+ Ke7 38. Re6+ Kf7 39. Rd7+ Kg8 40. Qb8+ Bf8 41. Rg6# 1-0


[Site "https://www.chess.com"]

[Event "Titled Tuesday Blitz March 29 Late 2022"]
[White "Bryakin, Mikhail"]
[Black "Sztokbant, Bernardo Vainzoff"]
[WhiteFideId "4165314"]
[BlackFideId "2115956"]
[WhiteElo "2417"]
[BlackElo "2237"]
[Result "1/2-1/2"]
[Round "09"]
[TimeControl "180+1"]
[Date "2022.03.29"]
[WhiteClock "0:00:52"]
[BlackClock "0:00:05"]

1. e4 c6 2. Nf3 d5 3. Nc3 Bg4 4. h3 Bxf3 5. Qxf3 e6 6. Be2 Nf6 7. O-O Be7 8. d3 Nbd7 9. Qg3 O-O 10. Bh6 Ne8 11. d4 Bh4 12. Qg4 f5 13. exf5 exf5 14. Qh5 gxh6 15. Qxh6 Qf6 16. Qd2 f4 17. Bg4 Nb6 18. b3 Nd6 19. Qd3 Qg6 20. Qf3 Ne4 21. Rad1 Rae8 22. a4 Nxf2 23. Bh5 Qxc2 24. Rc1 Qf5 25. Rxf2 Bxf2+ 26. Kxf2 Re3 27. Qg4+ Qxg4 28. Bxg4 Nc8 29. b4 Nd6 30. Ne2 Ne4+ 31. Kg1 f3 32. Bxf3 Rfxf3 33. gxf3 Rxe2 34. fxe4 Rxe4 35. b5 cxb5 36. axb5 Rxd4 37. Rc8+ Kg7 38. Rc7+ Kg6 39. Rxb7 Rb4 40. Kg2 h5 41. Rxa7 Rxb5 42. Rd7 Kf6 43. Kg3 Ke6 44. Rd8 Rb3+ 45. Kg2 Ke5 46. Rh8 d4 47. Rxh5+ Ke4 48. Rh8 d3 49. Re8+ Kd4 50. Kf2 Rb2+ 51. Kf3 Rh2 52. Rd8+ Kc3 53. Rc8+ Kd2 54. Kg3 Rh1 55. Kg2 Re1 56. h4 Ke2 57. Re8+ Kd1 58. Ra8 d2 59. Kf2 Re4 60. h5 Kc2 61. Rc8+ Kd3 62. Rd8+ Kc2 63. Rc8+ Kd3 64. Rd8+ Kc2 65. Kf3 Rh4 66. Rc8+ Kb2 67. Rb8+ Kc1 68. Rc8+ Kb1 69. Rb8+ Kc1 70. Rc8+ Kd1 71. Rc5 Ke1 72. Re5+ Kf1 73. Rd5 Rh3+ 74. Kg4 Rh2 75. Kg3 Rg2+ 76. Kf3 Rf2+ 77. Ke3 Re2+ 78. Kf4 Ke1 79. Kg5 d1=Q 80. Rxd1+ Kxd1 81. h6 Rh2 82. Kg6 Ke2 83. h7 Kf3 84. Kg7 Kf4 85. Kg6 Ke5 86. Kg7 Kf5 87. h8=Q Rxh8 88. Kxh8 1/2-1/2


[Site "https://www.chess.com"]

[Event "Titled Tuesday Blitz March 29 Late 2022"]
[White "Buchenau, Frank"]
[Black "Stanisz, Patryk"]
[WhiteFideId "4604350"]
[BlackFideId "1123106"]
[WhiteElo "2193"]
[BlackElo "1876"]
[Result "1-0"]
[Round "09"]
[TimeControl "180+1"]
[Date "2022.03.30"]
[WhiteClock "0:01:37"]
[BlackClock "0:01:28"]

1. e4 c5 2. Nf3 Nc6 3. Bb5 g6 4. Bxc6 dxc6 5. d3 Bg7 6. O-O Nf6 7. a4 Nd7 8. a5 e5 9. Be3 Qe7 10. Qc1 h6 11. Nbd2 Nf8 12. Nc4 f5 13. exf5 gxf5 14. Re1 Ng6 15. Nfxe5 Nxe5 16. Nxe5 Bxe5 17. Bf4 O-O 18. Rxe5 Qf6 19. Qe3 Bd7 20. Re7 Rfe8 21. Qg3+ Kf8 22. Rxd7 Qxb2 23. Bxh6+ 1-0


[Site "https://www.chess.com"]

[Event "Titled Tuesday Blitz March 29 Late 2022"]
[White "Cardoso Cardoso, Jose Gabriel"]
[Black "Guz, Ari"]
[WhiteFideId "4430492"]
[BlackFideId "2825759"]
[WhiteElo "2451"]
[BlackElo "1913"]
[Result "1-0"]
[Round "09"]
[TimeControl "180+1"]
[Date "2022.03.29"]
[WhiteClock "0:00:18"]
[BlackClock "0:00:04"]

1. Nf3 Nf6 2. c4 g6 3. Nc3 Bg7 4. e4 c5 5. d4 cxd4 6. Nxd4 d6 7. Be2 O-O 8. Be3 Bd7 9. O-O Nc6 10. f3 Nxd4 11. Bxd4 a5 12. Qd2 Bc6 13. Rab1 Nd7 14. Be3 Nc5 15. b3 Qb6 16. Rfc1 Qb4 17. Nd5 Bxd5 18. cxd5 Qxd2 19. Bxd2 Bd4+ 20. Kf1 Rfc8 21. Bb5 Na6 22. Ke2 Bc5 23. Rc4 Nc7 24. Bd7 Rd8 25. Bh3 b5 26. Rc2 Na6 27. Bg5 Kf8 28. Rbc1 Nb4 29. Rd2 Na6 30. Rdd1 Nb4 31. Rd2 Na6 32. f4 f6 33. Bh6+ Ke8 34. Be6 Bb4 35. Rdc2 Nc5 36. f5 Nxe4 37. Rc7 Nc5 38. g4 g5 39. h4 gxh4 40. Rh1 a4 41. Rxh4 axb3 42. axb3 Ra2+ 43. Kf3 Rb2 44. Be3 Nd3 45. Rxh7 Ne5+ 46. Ke4 Kf8 47. Bh6+ Ke8 48. Rh8# 1-0


[Site "https://www.chess.com"]

[Event "Titled Tuesday Blitz March 29 Late 2022"]
[White "Caruana, Fabiano"]
[Black "Korchmar, Vasiliy"]
[WhiteFideId "2020009"]
[BlackFideId "24131750"]
[WhiteElo "2744"]
[BlackElo "2370"]
[Result "1-0"]
[Round "09"]
[TimeControl "180+1"]
[Date "2022.03.29"]
[WhiteClock "0:00:19"]
[BlackClock "0:00:02"]

1. d4 Nf6 2. Bg5 g6 3. Bxf6 exf6 4. e3 d5 5. g3 Bd6 6. Bg2 c6 7. Nd2 O-O 8. Ne2 Nd7 9. O-O f5 10. c4 dxc4 11. Nxc4 Be7 12. Rb1 Nb6 13. Ne5 Be6 14. Nc3 a5 15. Qe2 a4 16. Rfd1 Bf6 17. Nd3 Bc4 18. Qc2 Qc7 19. Nc5 Be7 20. b3 axb3 21. axb3 Bd5 22. Nxd5 Nxd5 23. b4 Ra3 24. Rd3 Rfa8 25. Rxa3 Rxa3 26. Qb2 Ra7 27. b5 Bxc5 28. dxc5 Ra5 29. Bxd5 cxd5 30. Qb4 Ra2 31. c6 bxc6 32. b6 Qb7 33. Qd6 Ra8 34. h4 h5 35. Qc5 Rb8 36. Rb2 Kg7 37. Qd4+ Kg8 38. Rb1 Qa6 39. Qb4 Qb7 40. Kh2 Kg7 41. Qd4+ Kg8 42. Qe5 Kh7 43. Qd6 Kg8 44. f3 Kh7 45. Qe5 Kg8 46. g4 fxg4 47. fxg4 Rc8 48. gxh5 Qb8 49. Qxb8 Rxb8 50. hxg6 fxg6 51. Kg3 Kf7 52. Kf4 Kf6 53. b7 c5 54. Rb6+ Kf7 55. Ke5 c4 56. Kd4 Kg7 57. Rb5 Kh6 58. Kc3 Kg7 59. Kd4 Kh6 60. e4 dxe4 61. Kxe4 c3 62. Kd3 c2 63. Kxc2 Kg7 64. Kb3 Kf7 65. Kb4 Ke7 66. Ka5 Kd7 67. Ka6 Kc6 68. Rb6+ Kc7 69. Ka7 Rh8 70. b8=Q+ 1-0


[Site "https://www.chess.com"]

[Event "Titled Tuesday Blitz March 29 Late 2022"]
[White "Cervantes Landeiro, Thalia"]
[Black "Petrova, Irina"]
[WhiteFideId "3520498"]
[BlackFideId "14124122"]
[WhiteElo "2021"]
[BlackElo "1993"]
[Result "1-0"]
[Round "09"]
[TimeControl "180+1"]
[Date "2022.03.30"]
[WhiteClock "0:00:09"]
[BlackClock "0:00:05"]

1. d4 d6 2. c4 e5 3. Nc3 exd4 4. Qxd4 Nc6 5. Qd1 Nf6 6. Nf3 Be6 7. e3 g6 8. b3 Bg7 9. Bb2 O-O 10. Be2 d5 11. c5 Ne4 12. Rc1 Nxc5 13. O-O Ne4 14. Bb5 Ng5 15. Nxg5 Qxg5 16. Bxc6 bxc6 17. Na4 Bxb2 18. Nxb2 Bg4 19. f4 Qh5 20. Qd2 Bd7 21. Nd3 f6 22. Nc5 Bc8 23. Rf3 Re8 24. Qd4 Qf5 25. Nd3 Ba6 26. Nb4 Be2 27. Rf2 Bb5 28. Nxc6 Bxc6 29. Rxc6 Re4 30. Qd2 Rae8 31. Rxc7 Rxe3 32. h3 Qe4 33. Rd7 Rd3 34. Qa5 Rd1+ 35. Kh2 Qe1 36. Qxe1 Rexe1 37. Rxa7 d4 38. Rc2 Re8 39. Rcc7 Rd8 40. Rg7+ Kf8 41. Rgf7+ Kg8 42. Rg7+ Kf8 43. Rxh7 Kg8 44. Rad7 Rxd7 45. Rxd7 d3 46. a4 d2 47. Kg3 Rb1 48. Rxd2 Rxb3+ 49. Kg4 Ra3 50. Rd4 Kg7 51. Rd7+ Kh6 52. Ra7 f5+ 53. Kh4 Ra2 54. g4 fxg4 55. hxg4 g5+ 56. fxg5+ Kg6 57. Ra6+ Kg7 58. Kg3 Ra3+ 59. Kf4 Ra1 60. Ra7+ Kg6 61. Ra6+ Kg7 62. a5 Ra4+ 63. Kf5 Ra1 64. Ra7+ Kf8 65. Kg6 Ra4 66. Ra8+ Ke7 67. Kg7 Rxg4 68. g6 Ke6 69. a6 Kf5 70. Rf8+ Kg5 71. a7 1-0


[Site "https://www.chess.com"]

[Event "Titled Tuesday Blitz March 29 Late 2022"]
[White "Chernobay, Artem"]
[Black "Toncheva, Nadya"]
[WhiteFideId "4167406"]
[BlackFideId "2924056"]
[WhiteElo "2473"]
[BlackElo "1884"]
[Result "1-0"]
[Round "09"]
[TimeControl "180+1"]
[Date "2022.03.30"]
[WhiteClock "0:00:12"]
[BlackClock "0:00:01"]

1. e4 Nf6 2. e5 Nd5 3. d4 b5 4. Bxb5 c5 5. Bc4 Bb7 6. dxc5 e6 7. Nf3 Bxc5 8. O-O O-O 9. Nbd2 Ne7 10. Qe2 Nbc6 11. Ne4 Qb6 12. c3 a5 13. Nxc5 Qxc5 14. Be3 Qxc4 15. Qxc4 Ba6 16. Qg4 Bxf1 17. Rxf1 Rfb8 18. b3 a4 19. b4 Nd5 20. Bh6 g6 21. Qh4 Nce7 22. g4 Rc8 23. Bg5 Rxc3 24. Bxe7 Rxf3 25. Rc1 Nf4 26. Rc4 h5 27. Bf6 a3 28. b5 Rb8 29. b6 Kh7 30. Rb4 Rc8 31. Rb1 Rfc3 32. f3 Rc2 33. b7 Rg2+ 34. Kh1 Rb8 35. Qg5 Rb2 36. Rg1 Nh3 37. Qc1 Nf2+ 38. Kg2 Nd3+ 39. Kg3 Nxc1 40. Rxc1 R2xb7 41. Rc3 hxg4 42. fxg4 Kg8 43. Kf4 1-0


[Site "https://www.chess.com"]

[Event "Titled Tuesday Blitz March 29 Late 2022"]
[White "Demchenko, Anton"]
[Black "Diaz Perez, Michel Alejandro"]
[WhiteFideId "4160258"]
[BlackFideId "3517179"]
[WhiteElo "2539"]
[BlackElo "2337"]
[Result "0-1"]
[Round "09"]
[TimeControl "180+1"]
[Date "2022.03.29"]
[WhiteClock "0:00:45"]
[BlackClock "0:00:29"]

1. e4 e5 2. Nf3 Nc6 3. Bc4 Bc5 4. d3 Nf6 5. Bg5 d6 6. c3 h6 7. Bh4 Bb6 8. Nbd2 g5 9. Bg3 Qe7 10. b4 Be6 11. a4 a5 12. b5 Nd8 13. O-O h5 14. h4 g4 15. Ne1 Bxc4 16. Nxc4 Ne6 17. Nc2 O-O-O 18. Nxb6+ cxb6 19. Ne3 Kb8 20. Re1 Ka7 21. d4 Nxe4 22. Nd5 Qd7 23. Rxe4 f5 24. Re1 f4 25. Bh2 Qg7 26. Qd3 Rhg8 27. g3 f3 28. Qf5 Nc7 29. Nxc7 Qxc7 30. Qxh5 Qxc3 31. dxe5 dxe5 32. Qxe5 Qb4 33. Reb1 Qc4 34. Rc1 Qb4 35. Qc3 Rd1+ 36. Rxd1 Qxc3 37. Kh1 Qc2 38. Bg1 Re8 39. Rdc1 Qf5 40. Rd1 Re4 41. Kh2 Qf7 42. Rdb1 Rc4 43. Re1 Qg6 44. Ra3 Qd6 45. Ra2 Rc5 46. Rb1 Rh5 47. Kh1 Rd5 48. Raa1 Rd2 49. Re1 Qd5 50. Rec1 Ra2 51. Kh2 Rxa1 52. Rxa1 Qd4 53. Re1 Qxa4 54. Re5 Qa1 55. Rg5 Qf1 0-1


[Site "https://www.chess.com"]

[Event "Titled Tuesday Blitz March 29 Late 2022"]
[White "Estrada Nieto, Julian"]
[Black "Eames, Robert S"]
[WhiteFideId "5101018"]
[BlackFideId "408743"]
[WhiteElo "2246"]
[BlackElo "2105"]
[Result "1-0"]
[Round "09"]
[TimeControl "180+1"]
[Date "2022.03.30"]
[WhiteClock "0:00:52"]
[BlackClock "0:00:52"]

1. e4 e6 2. d4 d5 3. Nd2 Nf6 4. e5 Nfd7 5. Bd3 c5 6. c3 Nc6 7. Ne2 cxd4 8. cxd4 f6 9. exf6 Nxf6 10. Nf3 Bd6 11. O-O O-O 12. Bf4 Ne4 13. Bxd6 Qxd6 14. Ng3 Nf6 15. Re1 Ng4 16. h3 Nh6 17. Ne5 Nf5 18. Bxf5 exf5 19. f4 Nd8 20. Rc1 b6 21. Qd2 Ba6 22. a3 Rc8 23. Rxc8 Bxc8 24. Rc1 Ba6 25. Qe3 g6 26. Rc3 Re8 27. Qc1 Ne6 28. Rc6 Qe7 29. Qe3 Qh4 30. Nxg6 hxg6 31. Rxe6 Rxe6 32. Qxe6+ Kg7 33. Qe5+ Kh6 34. Qh8# 1-0


[Site "https://www.chess.com"]

[Event "Titled Tuesday Blitz March 29 Late 2022"]
[White "Fathy, Elameir"]
[Black "Martinez Reyes, Pedro Ramon"]
[WhiteFideId "10600396"]
[BlackFideId "3901807"]
[WhiteElo "2311"]
[BlackElo "2410"]
[Result "0-1"]
[Round "09"]
[TimeControl "180+1"]
[Date "2022.03.30"]
[WhiteClock "0:00:04"]
[BlackClock "0:00:55"]

1. d4 d6 2. Nf3 g6 3. c4 Bg7 4. Nc3 Nc6 5. e4 e5 6. d5 Nd4 7. Be3 Bg4 8. Be2 Bxf3 9. Bxf3 c5 10. dxc6 bxc6 11. O-O Rb8 12. Rb1 Ne7 13. Bxd4 exd4 14. Ne2 c5 15. Nf4 O-O 16. Nd5 Nxd5 17. exd5 Qa5 18. a3 Rb7 19. b4 Qxa3 20. bxc5 Rxb1 21. Qxb1 Qxc5 22. Be2 a5 23. Bd3 a4 24. Qb5 Qa3 25. Bc2 d3 26. Bxa4 Ra8 27. Bd1 Bd4 28. Qb3 Bc5 29. Qxa3 Rxa3 30. Bf3 Ra2 31. Be4 Rd2 32. g3 f5 33. Bf3 g5 34. h3 Kg7 35. g4 Kf6 36. Kg2 f4 37. Be4 h6 38. Kh1 Bxf2 39. Bxd3 Rxd3 40. Rxf2 Rxh3+ 41. Rh2 Rxh2+ 42. Kxh2 Ke5 0-1


[Site "https://www.chess.com"]

[Event "Titled Tuesday Blitz March 29 Late 2022"]
[White "Fiol, Fabrice"]
[Black "Romanchuk, Viktor"]
[WhiteFideId "611670"]
[BlackFideId "14109271"]
[WhiteElo "2413"]
[BlackElo "2242"]
[Result "1-0"]
[Round "09"]
[TimeControl "180+1"]
[Date "2022.03.30"]
[WhiteClock "0:00:05"]
[BlackClock "0:00:01"]

1. e4 e6 2. d3 d5 3. Nd2 Nf6 4. Ngf3 c5 5. g3 g6 6. Bg2 Bg7 7. O-O O-O 8. Re1 Nc6 9. c3 a5 10. e5 Ng4 11. d4 cxd4 12. cxd4 f6 13. exf6 Qxf6 14. h3 Nxf2 15. Kxf2 Nxd4 16. Kg1 a4 17. Kh2 a3 18. Rb1 Nxf3+ 19. Nxf3 Qf5 20. Nd2 axb2 21. Bxb2 Rxa2 22. Bxg7 Kxg7 23. Re2 Qd3 24. Rb3 Qd4 25. Qc1 Ra1 26. Qc3 Qxc3 27. Rxc3 Ra2 28. Rc7+ Kg8 29. g4 b5 30. Kg3 b4 31. Bf3 Ra3 32. Rf2 Rd3 33. Nb1 Ba6 34. Kg2 Bc4 35. Nd2 Rc3 36. Nxc4 Rxc4 37. Rxc4 dxc4 38. Be4 Rxf2+ 39. Kxf2 g5 40. Ke3 Kg7 41. Kd4 c3 42. Kc4 h5 43. Kxb4 1-0


[Site "https://www.chess.com"]